 Dungeon Crawl Stone Soup version 0.29-a0-541-gaf1fc19f1b (webtiles) character file.

Game seed: 13667996987038459293

7 Hubjo the Firebug (level 1, 0/9 HPs)
             Began as a Deep Elf Fire Elementalist on June 2, 2022.
             Was a Follower of Hepliaklqana.
             Slain by a rat (2 damage)
             ... on level 1 of the Dungeon.
             The game lasted 00:00:20 (185 turns).

Hubjo the Firebug (Deep Elf Fire Elementalist)       Turns: 185, Time: 00:00:21

Health: 0/9        AC:  2    Str:  5    XL:     1   Next: 91%
Magic:  6/6        EV: 12    Int: 19    God:    Hepliaklqana [*.....]
Gold:   34         SH:  0    Dex: 15    Spells: 5/6 levels left

rFire   . . .      SeeInvis .   (no weapon)
rCold   . . .      Faith    .   (no shield)
rNeg    . . .      Spirit   .   a - +0 robe
rPois   .          Reflect  .   (no helmet)
rElec   .          Harm     .   (no cloak)
rCorr   .          Rampage  .   (no gloves)
Will    .....                   (no boots)
Stlth   ++........              (no amulet)
HPRegen 0.03/turn               (no ring)
MPRegen 0.10/turn               (no ring)

@: no status effects
A: reduced essence
a: Renounce Religion, Recall Ancestor, Ancestor Identity


You were on level 1 of the Dungeon.
You worshipped Hepliaklqana.
Hepliaklqana was aware of your devotion.
You visited 1 branch of the dungeon, and saw 1 of its levels.

You collected 34 gold pieces.

Inventory:

Armour
 a - a +0 robe (worn)
Jewellery
 c - a +6 ring of intelligence
Scrolls
 e - a scroll of blinking {unknown}
Potions
 b - a potion of magic
 d - 2 potions of berserk rage {unknown}
 f - 2 potions of brilliance {unknown}


   Skills:
 * Level 0.6 Fighting
 - Level 2.4 Dodging
 + Level 2.6 Stealth
 + Level 3.1 Spellcasting
 - Level 1.1 Conjurations
 + Level 3.4 Fire Magic


You had 5 spell levels left.
You knew the following spells:

 Your Spells              Type           Power      Damage    Failure   Level
a - Foxfire               Conj/Fire      44%        2x1d6     6%          1

Your spell library contained the following spells:

 Spells                   Type           Power      Damage    Failure   Level
 Scorch                   Fire           32%        2d7       5%          2
 Conjure Flame            Conj/Fire      11%        6-21      19%         3
 Inner Flame              Hex/Fire       9%         N/A       22%         3
 Flame Wave               Conj/Fire      11%        2d5       52%         4


Dungeon Overview and Level Annotations

Branches:
Dungeon (1/15)

Altars:
Hepliaklqana


Message History

Moving in this stuff is going to be slow.
Found 10 stones.
There is a faded altar of an unknown god here.
You cannot tell which god this altar belongs to.
Convert to them anyway?
Hepliaklqana accepts your prayer! Hepliaklqana welcomes you!
Hepliaklqana forms a fragment of your life essence into the memory of your ancestor, Nenetl!
You can now recall your ancestor.
You can now remember your ancestor's identity.
You enter the shallow water.
Moving in this stuff is going to be slow.
You now have 24 gold pieces (gained 8).
c - a +6 ring of intelligence
d - 2 smoky golden potions
e - a scroll labelled UZESHUFI WUGH
f - 2 fuming ruby potions You see here a jackal corpse.
You now have 34 gold pieces (gained 10).
Found a club.
A rat comes into view.
A rat is nearby!
A rat is nearby!
A rat is nearby!
A rat is nearby!
The rat barely misses you. The rat bites you. The rat barely misses you.
The rat barely misses you. The rat bites you but does no damage.
The rat closely misses you. The rat closely misses you.
The rat closely misses you. The rat bites you but does no damage.
The rat bites you but does no damage. The rat bites you but does no damage.
The rat bites you. The rat bites you.
* * * LOW HITPOINT WARNING * * *
The rat bites you.
You die...

#..........≈≈≈≈≈≈≈≈≈...#...
#.....†..≈..≈≈..≈≈≈≈≈≈....#
#....†....≈...≈.....≈≈##...
#...†......##.#.#.....# .#
#.............#.####### .
##########.####.# #.#
#.###### #R# #......# #@#
######.# ......r...#
#...#####. ..........#
#.##...... ##........#
#.##......
#.)........###.........
#........#........#####
##########.##+#'### #.....#
+.....#


You could see the friendly Nenetl the ancestor and a rat (ally target).

Vanquished Creatures
  An endoplasm (D:1)
  4 jackals (D:1)
  A bat (D:1)
6 creatures vanquished.

Vanquished Creatures (others)
  22 foxfires (D:1)
22 creatures vanquished.

Grand Total: 28 creatures vanquished

Notes
Turn   | Place    | Note
-------+----------+-------------------------------------------
     0 | D:1      | Hubjo the Deep Elf Fire Elementalist began the quest for
                  | the Orb.
     0 | D:1      | Reached XP level 1. HP: 10/10 MP: 6/6
    42 | D:1      | Found a faded altar of an unknown god.
    98 | D:1      | Prayed at the altar of an unknown god.
    98 | D:1      | Became a worshipper of Hepliaklqana the Forgotten
    98 | D:1      | Reached * piety under Hepliaklqana
   185 | D:1      | Slain by a rat

Illustrated notes

Levels and vault maps discovered:
D:1:      minmay_arrival_solitary_statue, layout_basic, serial_shops,
          nicolae_shop_advertising_works [nicolae_subvault_shop_adworks],
          chequers_ecumenical_altar_island, st_stairs_8

Action                   || total
-------------------------++-------
 Cast: Foxfire           ||    12
Armor: Robe              ||     4
Dodge: Dodged            ||     6

Table legend: (Time is in decaauts)
 A = Elapsed time spent in this place.
 B = Non-inter-level travel time spent in this place.
 C = Inter-level travel time spent in this place.
 D = Time resting spent in this place.
 E = Time spent auto-exploring this place.
 F = Levels seen in this place.
 G = Mean time per level.
                   A        B        C        D        E       F      G
               +--------+--------+--------+--------+--------+-----+--------+
         Total |    194 |    171 |     23 |      0 |    125 |   1 |  194.0 |
       Dungeon |    194 |    171 |     23 |      0 |    125 |   1 |  194.0 |
               +--------+--------+--------+--------+--------+-----+--------+

Top non-repeatable levels by time:
     D:1: 194 daAuts
